 Dungeon Crawl Stone Soup version 0.27-a0-887-gcab673c (webtiles) character file.

Game seed: 12955266924326205756

592 Nithhogg the Slasher (level 7, -1/61 HPs)
             Began as a Minotaur Fighter on Apr 4, 2021.
             Slain by an orc warrior
             ... wielding a +4 short sword
              (13 damage)
             ... on level 4 of the Dungeon.
             The game lasted 00:04:43 (2572 turns).

Nithhogg the Slasher (Minotaur Fighter)             Turns: 2572, Time: 00:04:43

Health: -1/61      AC:  7    Str: 23    XL:     7   Next: 16%
Magic:  6/6        EV: 11    Int:  5    God:
Gold:   194        SH:  0    Dex:  9    Spells: 6/6 levels left

rFire    + . .     SeeInvis .   t - +4 falchion (vorpal)
rCold    + . .     Faith    +   (no shield)
rNeg     . . .     Spirit   .   b - +0 scale mail
rPois    .         Reflect  .   (helmet restricted)
rElec    .         Harm     .   e - scarf {rC+ rF+}
rCorr    +         Rampage  .   (no gloves)
Will     .....                  (no boots)
Stlth    ..........             p - amulet of faith
HPRegen  0.20/turn              h - ring of resist corrosion
MPRegen  0.10/turn              (no ring)

@: no status effects
A: horns 2, retaliatory headbutt
a: no special abilities


You were on level 4 of the Dungeon.
You visited 1 branch of the dungeon, and saw 4 of its levels.

You collected 194 gold pieces.

Inventory:

Hand Weapons
 a - a +0 long sword
 n - a +1 short sword of speed
 t - a +4 vorpal falchion (weapon)
Missiles
 r - a throwing net (quivered)
Armour
 b - a +0 scale mail (worn)
 c - a +0 kite shield
 e - a scarf of resistance (worn)
 m - a +0 pair of boots
Jewellery
 h - a ring of resist corrosion (left hand)
 p - an amulet of faith (around neck)
 v - a +4 ring of evasion
Scrolls
 d - a scroll of immolation
 k - a scroll of fog
Potions
 f - a potion of heal wounds
 j - a potion of lignification {unknown}
 s - a potion of degeneration {unknown}
 u - a potion of haste {unknown}


   Skills:
 + Level 5.5 Fighting
 * Level 6.3 Long Blades
 + Level 5.4 Armour
 + Level 3.5 Dodging
 - Level 3.6 Shields


You had 6 spell levels left.
You didn't know any spells.
Your spell library was empty.

Dungeon Overview and Level Annotations

Branches:
Dungeon (4/15)
 Temple: D:4-7

Altars:
Qazlal
Trog


Innate Abilities, Weirdness & Mutations

You have a pair of horns on your head.
You reflexively headbutt those who attack you in melee.


Message History

You slash the goblin!
You kill the goblin!
The ball python misses you. The ball python grabs you.
The ball python constricts you.
You hit the ball python.
You kill the ball python!
The orc warrior hits you with a +4 short sword!
Things that are here:
a +0 dagger; a +0 club You hit the orc warrior.
Your headbutt misses the orc warrior.
The orc warrior is lightly wounded.
The orc warrior hits you with a +4 short sword!
You hit the orc warrior but do no damage.
The orc warrior is lightly wounded.
The orc warrior hits you with a +4 short sword.
You hit the orc warrior. You headbutt the orc warrior!
The orc warrior is heavily wounded.
The orc warrior hits you with a +4 short sword!
A howler monkey skeleton comes into view.
You are too injured to fight recklessly!
You are too injured to fight recklessly!
You are too injured to fight recklessly!
You are too injured to fight recklessly!
You are too injured to fight recklessly!
There are monsters nearby!
You hit the orc warrior.
The orc warrior is heavily wounded.
The orc warrior hits you with a +4 short sword!
* * * LOW HITPOINT WARNING * * *
You enter the shallow water.
Moving in this stuff is going to be slow.
The orc warrior hits you but does no damage.
You enter the shallow water.
Moving in this stuff is going to be slow.
As you read the scroll labelled QYWKU WOTT, it crumbles to dust.
You hear a loud clanging noise!
It was a scroll of noise.
You hear an angry hiss.
You hear a shout!
You hear an angry hiss.
The orc warrior hits you with a +4 short sword!
You die...

#.?.≈##..#
#≈...#...#
#.≈≈..8.# #.≈≈
#.)Z≈# #≈.. #...≈#
#≈.. #.≈≈.# #.≈≈
#≈...# #...
#...o## ##≈..
##.≈.@## ##..≈.
##....## ##....#
###).≈###
###≈...##
###...####...###..
###......###....
########......
####... #...#
......#..


You could see an orc warrior and a howler monkey skeleton.

Vanquished Creatures
  The ghost of BobRoberts the Covered, an amateur MiFi (D:3)
  An ogre (D:4)
  A water moccasin skeleton (D:4)
  A howler monkey (D:4)
  2 hounds (D:4)
  A gnoll shaman (D:4)
  8 adders
  3 gnolls (D:4)
  An adder zombie (D:3)
  2 adder skeletons (D:4)
  A worm (D:2)
  2 dart slugs
  An orc (D:3)
  2 bats (D:3)
  3 endoplasms
  6 giant cockroaches
  8 goblins
  5 hobgoblins
  2 jackals (D:1)
  6 quokkas
  5 ball pythons
  8 frilled lizards
  14 kobolds
  6 rats
90 creatures vanquished.

Notes
Turn   | Place    | Note
-------+----------+-------------------------------------------
     0 | D:1      | Nithhogg the Minotaur Fighter began the quest for the Orb.
     0 | D:1      | Reached XP level 1. HP: 19/19 MP: 0/0
    42 | D:1      | Found a faded altar of an unknown god.
   213 | D:1      | Reached XP level 2. HP: 24/27 MP: 1/1
   264 | D:1      | Reached skill level 3 in Long Blades
   470 | D:1      | Reached skill level 1 in Dodging
   657 | D:2      | Reached XP level 3. HP: 30/33 MP: 2/2
  1070 | D:2      | Reached XP level 4. HP: 39/40 MP: 3/3
  1285 | D:3      | Reached skill level 4 in Long Blades
  1586 | D:3      | Found a runed translucent gate.
  1591 | D:3      | Found a runed translucent gate.
  1591 | D:3      | Found a runed translucent gate.
  1591 | D:3      | Noticed BobRoberts's ghost (amateur MiFi)
  1656 | D:3      | Killed BobRoberts's ghost
  1657 | D:3      | Reached skill level 5 in Long Blades
  1657 | D:3      | Reached XP level 5. HP: 41/47 MP: 4/4
  1659 | D:3      | Reached XP level 6. HP: 48/55 MP: 5/5
  1978 | D:4      | Reached skill level 5 in Fighting
  1978 | D:4      | Reached skill level 5 in Armour
  2003 | D:4      | Found a stormy altar of Qazlal.
  2295 | D:4      | Reached skill level 6 in Long Blades
  2357 | D:4      | Reached XP level 7. HP: 56/61 MP: 6/6
  2451 | D:4      | Found a bloodstained altar of Trog.
  2572 | D:4      | Slain by an orc warrior

Illustrated notes

Levels and vault maps discovered:
D:1:      dpeg_arrival_rooms_with_view, layout_rooms, basic_ecumenical_altar,
          solitary_fountain
D:2:      layout_rooms
D:3:      layout_loops_ring, gammafunk_ghost_split, serial_bayou_pond_e
D:4:      layout_rooms, trog_book, old_standard_altar, glass_columns_b,
          kennysheep_nub, hex_tiny, kennysheep_path_1, nzn_random_ring

Skill      XL: |  1  2  3  4  5  6 |
---------------+-------------------+-----
Long Blades    | 3 5 6 |  6.3
Dodging        | 1 2 3 |  3.5
Fighting       | 4 5 |  5.5
Armour         | 4 5 |  5.4
Shields        | |  3.6

Action                   |  1- 3 |  4- 6 |  7- 9 || total
-------------------------+-------+-------+-------++-------
Melee: Long sword        |    72 |     4 |       ||    76
       Headbutt          |     8 |    19 |     1 ||    28
       Short sword       |       |    45 |       ||    45
       Falchion          |       |    41 |    23 ||    64
  Use: Potion            |       |     1 |       ||     1
       Scroll            |       |     9 |     1 ||    10
Armor: Scale mail        |    44 |    26 |     6 ||    76
Dodge: Dodged            |    35 |    41 |     9 ||    85
Block: Kite shield       |     1 |       |       ||     1
       Rpst.: Long sword |     5 |       |       ||     5
       Falchion          |       |     5 |     3 ||     8

Table legend: (Time is in decaauts)
 A = Elapsed time spent in this place.
 B = Non-inter-level travel time spent in this place.
 C = Inter-level travel time spent in this place.
 D = Time resting spent in this place.
 E = Time spent auto-exploring this place.
 F = Levels seen in this place.
 G = Mean time per level.
                   A        B        C        D        E       F      G
               +--------+--------+--------+--------+--------+-----+--------+
         Total |   2579 |   2527 |     52 |      0 |   2059 |   4 |  644.8 |
       Dungeon |   2579 |   2527 |     52 |      0 |   2059 |   4 |  644.8 |
               +--------+--------+--------+--------+--------+-----+--------+

Top non-repeatable levels by time:
     D:3: 709 daAuts
     D:2: 654 daAuts
     D:1: 611 daAuts
     D:4: 604 daAuts
